 Dungeon Crawl Stone Soup version 0.19.0-19-g8c6edcc (console) character file.

2937 Kloppie the Cleaver (level 9, 0/74 HPs)
             Began as a Demonspawn Berserker on Nov 14, 2016.
             Was an Elder of Trog.
             Slain by a hornet (10 damage)
             ... on level 8 of the Dungeon.
             The game lasted 00:09:02 (5909 turns).

Kloppie the Cleaver (Demonspawn Berserker)          Turns: 5909, Time: 00:09:02

Health: 0/74       AC: 11    Str: 17    XL:     9   Next: 51%
Magic:  9/9        EV:  8    Int:  8    God:    Trog [****..]
Gold:   269        SH:  3    Dex: 17    Spells: 0 memorised, 8 levels left

rFire  . . .     SeeInvis .     a - +1 hand axe
rCold  . . .     Gourm    .     z - +0 chain mail
rNeg   . . .     Faith    .     (no shield)
rPois  +         Spirit   .     (helmet restricted)
rElec  .         Reflect  +     q - +0 cloak
rCorr  .         Harm     .     (no gloves)
MR     ++...                    (no boots)
Stlth  ..........               x - +3 amulet of reflection
                                (no ring)
                                y - ring of poison resistance

@: exhausted, regenerating, slowed, very slow
A: claws 2, horns 2, talons 1, demonic guardian 1
a: Berserk, Trog's Hand, Brothers in Arms, Burn Spellbooks, Renounce Religion


You were on level 8 of the Dungeon.
You worshipped Trog.
Trog was greatly pleased with you.
You were very hungry.

You visited 1 branch of the dungeon, and saw 8 of its levels.

You collected 509 gold pieces.
You spent 240 gold pieces at shops.

Inventory:

Hand Weapons
 a - a +1 hand axe (weapon)
Armour
 q - a +0 cloak (worn)
 z - a +0 chain mail (worn)
Jewellery
 d - an uncursed ring of fire
 x - a +3 amulet of reflection (around neck)
 y - a ring of poison resistance (left claw)
Wands
 s - a wand of lightning (6/15)
 v - a wand of flame (5/48)
 E - a wand of paralysis (15/24)
Scrolls
 e - a scroll of immolation
 j - 2 scrolls of recharging
 n - 6 scrolls of remove curse
 A - a scroll of teleportation
 B - 2 scrolls of magic mapping
 F - a scroll of enchant weapon
Potions
 g - 3 potions of curing
 h - a potion of agility {unknown}
 i - a potion of flight {unknown}
 l - 2 potions of might
 m - a potion of cure mutation {unknown}
 o - 2 potions of resistance
 p - 4 potions of cancellation {unknown}
 r - a potion of lignification {unknown}
 t - a potion of mutation {unknown}
 u - 2 potions of haste {unknown}
 w - 3 potions of heal wounds {unknown}
Comestibles
 b - a slice of pizza
 c - 5 bread rations
 f - 4 beef jerkies
 k - 2 meat rations
 C - 2 fruits
 D - 7 chunks of flesh


   Skills:
 - Level 8.2 Fighting
 + Level 9.1 Axes
 + Level 5.1 Armour
 - Level 1.7 Dodging


You had 8 spell levels left.
You didn't know any spells.

Dungeon Overview and Level Annotations

Branches:
Dungeon (8/15)             Temple (0/1) D:7
   Lair: D:8-11

Altars:
Gozag
Makhleb
Nemelex Xobeh
Qazlal
Vehumet
The Shining One

Shops:
D:5 *   D:6 (


Innate Abilities, Weirdness & Mutations

You have very sharp fingernails.
You have a pair of horns on your head.
You have sharp toenails.
A weak demonic guardian rushes to your aid.


Message History

You slash the hornet! You claw the hornet, but do no damage.
Your headbutt misses the hornet.
The hornet is heavily wounded.
You hit the hornet but do no damage. The hornet stings you!
* * * LOW HITPOINT WARNING * * *
The hornet stings you!
* * * LOW HITPOINT WARNING * * *
You are too berserk!
The hornet barely misses your quasit. Something closely misses your quasit.
You feel a strong urge to attack something.
You feel your anger subside.
You are no longer berserk.
You are exhausted.
You feel yourself slow down.
You feel sick.
The hornet completely misses your quasit.
Your quasit closely misses the hornet. x2
Your quasit claws the hornet but does no damage.
You feel better.
Your quasit disappears in a puff of smoke!
The hornet stings you!
You die...

## #.## #.# ..
#.#y#y## #..
#.##.#.#
####.##.#.#5#
......).##y#.#
......#.##y###
......#...#@.#
..........5.##
....#..##### ..
#..# +#
....#..####....
.......>........
##########(###....
#........#.# .
#.######.#.#


You could see 2 hornets and a friendly ufetubus.

Vanquished Creatures
  A hornet (D:8)
  Grinder (D:3)
  Sigmund (D:4)
  Menkaure (D:4)
  A water moccasin (D:5)
  An ice beast (D:5)
  2 ogres
  A centaur (D:5)
  Blork the orc (D:4)
  3 bullfrogs
  A scorpion (D:4)
  2 crimson imps
  A centaur zombie (D:7)
  A centaur skeleton (D:7)
  A jelly (D:7)
  2 orc priests (D:7)
  An orc wizard (D:7)
  A bullfrog skeleton (D:6)
  Ijyb (D:3)
  Jessica (D:3)
  Terence (D:3)
  An iguana (D:5)
  Natasha (thrice) (D:3 D:4)
  9 worker ants
  A hound zombie (D:7)
  2 gnolls (D:3)
  11 adders
  A howler monkey skeleton (D:7)
  An adder zombie (D:7)
  2 adder skeletons
  3 worms (D:2)
  3 dart slugs
  7 leopard geckos
  11 orcs
  7 giant cockroaches
  5 hobgoblins
  14 jackals
  3 quokkas
  2 ball pythons
  9 bats
  7 frilled lizards
  13 goblins
  5 kobolds
  A leopard gecko zombie (D:5)
  6 rats
153 creatures vanquished.

Vanquished Creatures (collateral kills)
  Pikel (D:6)
  An ogre (D:5)
  A wyvern skeleton (D:6)
  A centaur skeleton (D:6)
  A gnoll (D:3)
  An adder (D:5)
6 creatures vanquished.

Vanquished Creatures (others)
  A slave (D:6)
  An ice beast (D:6)
2 creatures vanquished.

Grand Total: 161 creatures vanquished

Notes
Turn   | Place    | Note
-------+----------+-------------------------------------------
     0 | D:1      | Kloppie the Demonspawn Berserker began the quest for the Orb.
     0 | D:1      | Reached XP level 1. HP: 18/18 MP: 1/1
   213 | D:1      | Reached skill level 3 in Axes
   223 | D:1      | Gained mutation: You have sharp toenails. [demonic ancestry]
   223 | D:1      | Reached XP level 2. HP: 24/24 MP: 2/2
   681 | D:2      | Gained mutation: You have sharp fingernails. [demonic ancestry]
   681 | D:2      | Reached XP level 3. HP: 24/30 MP: 3/3
   998 | D:2      | Reached ** piety under Trog
  1214 | D:2      | Gained mutation: You have a pair of small horns on your head. [demonic ancestry]
  1214 | D:2      | Reached XP level 4. HP: 29/37 MP: 4/4
  1726 | D:2      | Found an opulent altar of Gozag.
  1727 | D:2      | Found a sparkling altar of Nemelex Xobeh.
  1760 | D:3      | Noticed Grinder
  1767 | D:3      | Killed Grinder
  1767 | D:3      | Reached skill level 5 in Fighting
  1767 | D:3      | Reached skill level 4 in Axes
  1767 | D:3      | Reached XP level 5. HP: 33/44 MP: 5/5
  1767 | D:3      | Gained mutation: A weak demonic guardian rushes to your aid. [demonic ancestry]
  1767 | D:3      | Reached XP level 6. HP: 38/51 MP: 6/6
  1934 | D:3      | Noticed Ijyb
  1955 | D:3      | Killed Ijyb
  1982 | D:3      | Found a burning altar of Makhleb.
  2014 | D:3      | Reached skill level 5 in Axes
  2044 | D:3      | Noticed Natasha
  2046 | D:3      | Noticed Jessica
  2053 | D:3      | Killed Natasha
  2053 | D:3      | Killed Jessica
  2058 | D:3      | Reached *** piety under Trog
  2093 | D:3      | Noticed Natasha
  2099 | D:3      | Killed Natasha
  2325 | D:3      | Noticed Terence
  2338 | D:3      | Killed Terence
  3132 | D:4      | Noticed Blork the orc
  3140 | D:4      | Killed Blork the orc
  3140 | D:4      | Gained mutation: You have a pair of horns on your head. [demonic ancestry]
  3140 | D:4      | Reached XP level 7. HP: 58/58 MP: 7/7
  3161 | D:4      | Found a stormy altar of Qazlal.
  3388 | D:4      | Found an opulent altar of Gozag.
  3388 | D:4      | Noticed Natasha
  3398 | D:4      | Killed Natasha
  3433 | D:4      | Noticed Sigmund
  3434 | D:4      | Noticed Menkaure
  3439 | D:4      | Killed Sigmund
  3439 | D:4      | Reached skill level 6 in Axes
  3441 | D:4      | Killed Menkaure
  3597 | D:4      | Found a glowing golden altar of the Shining One.
  3643 | D:5      | Entered Level 5 of the Dungeon
  3690 | D:5      | Reached XP level 8. HP: 62/67 MP: 8/8
  3974 | D:5      | Found a radiant altar of Vehumet.
  3998 | D:5      | Reached skill level 7 in Axes
  4006 | D:5      | Reached **** piety under Trog
  4299 | D:5      | Found Gufad's Serpentskin Sales.
  4313 | D:5      | Bought an uncursed ring of poison resistance for 240 gold pieces
  4638 | D:6      | Noticed Pikel
  4657 | D:6      | Killed Pikel
  4657 | D:6      | Reached skill level 8 in Axes
  4657 | D:6      | Gained mutation: You have very sharp fingernails. [demonic ancestry]
  4657 | D:6      | Reached XP level 9. HP: 74/74 MP: 9/9
  4912 | D:6      | Found Aphad's Weapon Boutique.
  5442 | D:7      | Found a staircase to the Ecumenical Temple.
  5897 | D:8      | Reached skill level 9 in Axes
  5897 | D:8      | Reached skill level 5 in Armour
  5904 | D:8      | HP: 1/111 [hornet (11)]
  5909 | D:8      | Slain by a hornet

Skill      XL: |  1  2  3  4  5  6  7  8  9 |
---------------+----------------------------+-----
Axes           | 3 4 5 6 8 9 |  9.1
Fighting       | 4 5 6 7 8 |  8.2
Armour         | 3 5 |  5.1
Dodging        | |  1.7

Action                   |  1- 3 |  4- 6 |  7- 9 || total
-------------------------+-------+-------+-------++-------
Melee: Hand axe          |   150 |   161 |   266 ||   577
       Kick              |    31 |    49 |    98 ||   178
       Headbutt          |       |    32 |    72 ||   104
Invok: Berserk           |     1 |     7 |     7 ||    15
       Trog's Hand       |       |       |     2 ||     2
  Use: Scroll            |       |     9 |     4 ||    13
       Potion            |       |       |     1 ||     1
  Eat: Chunk             |     2 |     7 |    16 ||    25
       Meat ration       |       |     1 |       ||     1
Armor: Animal skin       |     5 |       |       ||     5
       Ring mail         |    59 |    29 |       ||    88
       Scale mail        |       |    18 |    32 ||    50
       Chain mail        |       |       |    78 ||    78
Dodge: Dodged            |   103 |    85 |   101 ||   289
Block: Other             |       |       |    23 ||    23
